 Dungeon Crawl Stone Soup version 0.31-a0-965-g8a8ce12e04 (webtiles) character file.

Game seed: 9800105320176075478

1675 porpoise the Skirmisher (level 9, -1/102 HPs)
             Began as a Human Hunter on Oct 27, 2023.
             Slain by a vampire mosquito (2 damage)
             ... on level 5 of the Dungeon.
             The game lasted 00:23:17 (5086 turns).

porpoise the Skirmisher (Human Hunter)              Turns: 5086, Time: 00:23:18

Health: -1/102     AC:  7    Str: 12    XL:     9   Next: 21%
Magic:  9/9        EV: 14    Int:  9    God:
Gold:   274        SH:  0    Dex: 21    Spells: 8/8 levels left

rFire   . . .        b - +2 short sword (protect)
rCold   . . .        (no shield)
rNeg    . . .        c - +0 leather armour
rPois   .            (no helmet)
rElec   .            e - +1 cloak
rCorr   .            k - +1 pair of gloves
SInv    .            (no boots)
Will    .....        o - amulet of regeneration Stlth
                     (no ring)
HPRegen 1.17/turn    (no ring)
MPRegen 0.11/turn

%: no passive effects
@: berserking (expiring), very quick
A: no striking features
a: no special abilities


You were on level 5 of the Dungeon.
You visited 2 branches of the dungeon, and saw 7 of its levels.

You collected 274 gold pieces.

Inventory:

Hand Weapons
 a - a +0 shortbow
 b - a +2 short sword of protection (weapon)
Missiles
 j - 5 atropa-tipped darts
 w - 8 boomerangs
 x - 5 poisoned darts
Armour
 c - a +0 leather armour (worn)
 e - a +1 cloak (worn)
 k - a +1 pair of gloves (worn)
Jewellery
 l - a ring of protection from fire
 o - an amulet of regeneration (around neck)
 A - a +6 ring of intelligence
Wands
 C - a wand of polymorph (4)
Scrolls
 d - a scroll of noise
 g - 2 scrolls of teleportation
 i - a scroll of revelation {unknown}
 n - a scroll of torment {unknown}
 q - 2 scrolls of amnesia
 t - a scroll of enchant weapon {unknown}
 v - a scroll of enchant armour {unknown}
 y - 2 scrolls of butterflies
 z - a scroll of fear {unknown}
Potions
 f - a potion of ambrosia
 h - 3 potions of curing
 p - 2 potions of brilliance
 r - a potion of invisibility {unknown}
 s - a potion of might {unknown}
 B - 2 potions of haste


   Skills:
 - Level 5.0 Fighting
 + Level 9.0 Ranged Weapons
 - Level 5.0 Dodging
 + Level 4.4 Stealth


You had 8 spell levels left.
You didn't know any spells.
Your spell library contained the following spells:

 Spells                   Type           Power      Damage    Failure   Level
 Apportation              Tloc           0%         N/A       45%         1
 Kiss of Death            Conj/Necr      0%         2d5       45%         1
 Necrotise                Necr           0%         1d4       45%         1
 Summon Small Mammal      Summ           0%         N/A       45%         1
 Lesser Beckoning         Tloc           0%         N/A       61%         2
 Confusing Touch          Hex            0%         N/A       83%         3
 Gell's Gravitas          Tloc           0%         N/A       83%         3
 Teleport Other           Tloc           0%         N/A       83%         3
 Dispel Undead            Necr           0%         3d6       99%         4


Dungeon Overview and Level Annotations

Branches:
Dungeon (6/15)             Temple (1/1) D:4

Altars:
Ashenzari
Gozag
Qazlal
Ru
Sif Muna
Trog
Vehumet
Xom
Zin
The Shining One

Shops:
D:4 (

Annotations:
D:2 exclusion: downstairs
D:3 3 runed translucent doors, PowderKeg's ghost, amateur GnSh; Sundig's ghost, weakling DsFi


Message History

The vampire mosquito draws strength from your injuries!
The vampire mosquito barely misses you.
The vampire mosquito bites you but does no damage.
You closely miss the vampire mosquito.
The vampire mosquito is lightly damaged.
The vampire mosquito closely misses you.
The vampire mosquito bites you but does no damage.
You barely miss the vampire mosquito.
The vampire mosquito is lightly damaged.
The vampire mosquito bites you.
* * * LOW HITPOINT WARNING * * *
The vampire mosquito draws strength from your injuries!
The vampire mosquito closely misses you.
You closely miss the vampire mosquito.
The vampire mosquito is lightly damaged.
The vampire mosquito closely misses you.
The vampire mosquito misses you.
You barely miss the vampire mosquito.
The vampire mosquito is lightly damaged.
The vampire mosquito bites you but does no damage.
The vampire mosquito closely misses you.
You closely miss the vampire mosquito.
The vampire mosquito is lightly damaged.
The vampire mosquito bites you!
* * * LOW HITPOINT WARNING * * *
The vampire mosquito draws strength from your injuries!
The vampire mosquito closely misses you.
The vampire mosquito bites you.
* * * LOW HITPOINT WARNING * * *
The vampire mosquito draws strength from your injuries!
The vampire mosquito barely misses you.
You closely miss the vampire mosquito.
The vampire mosquito closely misses you.
The vampire mosquito bites you but does no damage.
You closely miss the vampire mosquito. Your punch misses the vampire mosquito.
The vampire mosquito bites you!
* * * LOW HITPOINT WARNING * * *
The vampire mosquito draws strength from your injuries!
The vampire mosquito bites you.
You die...

#####........#####
#....##.#....
...##.........##
#.#.###.#....
...##.......#..## ##.#.#
#.#.... ...##.......##..#
##....# #.#..#.
...############.###..####
#.#....
...############.##...#
#.##...
.................^...###
#.##...
##.############yy......#
#.##... #.#
#........@......# #.##...
#.# #.#####.........#
#.##..) #.# #.#
#.........# ##.#.... #.#
#.# #.........###......#
#.# #.#
#...........#....... #.#
###'###
#...........#.###### #.#
#.....#
#................... #.#
#.....#
#...........#.######
#.###.....#
#...........#.......


You could see 2 vampire mosquitoes.

Vanquished Creatures
  Grinder (D:3)
  Sigmund (D:3)
  An orc warrior (D:5)
  3 black bears
  An ogre (D:5)
  A phantom (D:4)
  Blork the orc (D:5)
  A scorpion (D:4)
  4 orc priests
  3 jellies
  A hound (D:4)
  Crazy Yiuf (D:3)
  2 iguanas (D:5)
  A sleepcap (D:5)
  Ijyb (D:3)
  3 orc wizards
  6 gnolls
  5 adders
  2 ufetubi (D:3)
  3 worms
  4 dart slugs
  20 orcs
  2 bats (D:2)
  3 endoplasms
  2 giant cockroaches
  5 goblins
  7 hobgoblins
  4 jackals (D:2)
  9 kobolds
  5 quokkas
  5 ball pythons
  A frilled lizard (D:3)
  A rat (D:3)
110 creatures vanquished.

Notes
Turn   | Place    | Note
-------+----------+-------------------------------------------
     0 | D:1      | porpoise the Human Hunter began the quest for the Orb.
     0 | D:1      | Reached XP level 1. HP: 16/16 MP: 1/1
   290 | D:1      | Reached XP level 2. HP: 22/22 MP: 2/2
   646 | D:1      | Reached XP level 3. HP: 23/28 MP: 3/3
   871 | D:2      | HP: 1/28 [poisoned by an adder]
  1107 | D:2      | Reached XP level 4. HP: 34/34 MP: 4/4
  1321 | D:3      | Noticed Sigmund
  1414 | D:3      | Found a runed translucent door.
  1415 | D:3      | Noticed Crazy Yiuf
  1422 | D:3      | Killed Crazy Yiuf
  1542 | D:3      | Noticed a black bear
  1676 | D:3      | Noticed Ijyb
  1725 | D:3      | Found a runed translucent gate.
  1725 | D:3      | Found a runed translucent gate.
  1725 | D:3      | Found a runed translucent gate.
  1727 | D:3      | Noticed PowderKeg's ghost (amateur GnSh)
  1728 | D:3      | Noticed Sundig's ghost (weakling DsFi)
  1810 | D:3      | Noticed Grinder
  1817 | D:3      | Paralysed by Grinder for 2 turns
  1832 | D:3      | Killed Grinder
  1833 | D:3      | Reached skill level 5 in Ranged Weapons
  1833 | D:3      | Reached XP level 5. HP: 30/43 MP: 5/5
  1833 | D:3      | Reached XP level 6. HP: 34/49 MP: 6/6
  2015 | D:3      | Killed Ijyb
  2216 | D:3      | Killed Sigmund
  2217 | D:3      | Reached skill level 5 in Fighting
  2217 | D:3      | Reached skill level 6 in Ranged Weapons
  2217 | D:3      | Reached XP level 7. HP: 44/56 MP: 7/7
  3074 | D:4      | Found a staircase to the Ecumenical Temple.
  3087 | Temple   | Entered the Ecumenical Temple
  3106 | D:4      | Reached skill level 7 in Ranged Weapons
  3175 | D:4      | Reached XP level 8. HP: 29/62 MP: 8/8
  3410 | D:4      | Found Foocap's Antique Weapon Boutique.
  3937 | D:5      | Entered Level 5 of the Dungeon
  4152 | D:5      | Reached skill level 8 in Ranged Weapons
  4152 | D:5      | Reached skill level 5 in Dodging
  4302 | D:5      | Reached XP level 9. HP: 20/68 MP: 9/9
  4575 | D:5      | Noticed Blork the orc
  4679 | D:5      | Killed Blork the orc
  4680 | D:5      | Reached skill level 9 in Ranged Weapons
  4732 | D:5      | Identified the +8 flail "Fuikuk" {flame, Int+4}
  5086 | D:5      | HP: 1/102 [vampire mosquito (9)]
  5086 | D:5      | Slain by a vampire mosquito

Illustrated notes

Levels and vault maps discovered:
D:1:      wander_arrival_estate, layout_loops_ring
D:2:      layout_rooms
D:3:      layout_loops_ring, gammafunk_ghost_cemetery, serial_glass,
          glass_columns_a, glass_columns_c, glass_columns_a, glass_columns_c,
          glass_columns_a, glass_columns_a, glass_columns_b, glass_columns_a,
          glass_columns_c, glass_columns_a, glass_columns_b, glass_columns_b,
          glass_columns_a, glass_columns_c, feat_on_display,
          due_unseen_surprise, uniq_crazy_yiuf_cottage, uniq_grinder, uniq_ijyb,
          uniq_sigmund
D:4:      layout_basic, minmay_temple_entry_mini_moons, serial_shops, shop,
          hangedman_abyss_or_decor_passed, minmay_fractal_squares_gapless_5
D:5:      layout_basic, grunt_ministairs_7, corexii_shack,
          guppyfry_early_orc_mine, uniq_blork_the_orc
D:6:      layout_cave_pools, grunt_temple_overflow_octagram, solitary_fountain
Temple:   eino_wide_crystal_templ

Skill      XL: |  1  2  3  4  5  6  7  8  9 |
---------------+----------------------------+-----
Fighting       | 4 5 |  5.0
Ranged Weapons | 5 6 7 8 9 |  9.0
Dodging        | 3 5 |  5.0
Stealth        | 3 4 |  4.4

Action                     |  1- 3 |  4- 6 |  7- 9 || total
---------------------------+-------+-------+-------++-------
  Melee: Short sword       |       |       |    15 ||    15
         Unarmed           |       |       |     1 ||     1
   Fire: Shortbow          |    86 |   124 |   345 ||   555
  Evoke: Wand              |       |     2 |       ||     2
    Use: Scroll            |     1 |     3 |     6 ||    10
         Potion            |       |       |     3 ||     3
 Armour: Leather armour    |    25 |    53 |   146 ||   224
         Skin              |       |       |     2 ||     2
  Dodge: Dodged            |    22 |    41 |   164 ||   227

Table legend: (Time is in decaauts)
 A = Elapsed time spent in this place.
 B = Non-inter-level travel time spent in this place.
 C = Inter-level travel time spent in this place.
 D = Time resting spent in this place.
 E = Time spent auto-exploring this place.
 F = Levels seen in this place.
 G = Mean time per level.
                   A        B        C        D        E       F      G
               +--------+--------+--------+--------+--------+-----+--------+
         Total |   5147 |   4847 |    300 |    811 |   2570 |   7 |  735.3 |
       Dungeon |   5146 |   4847 |    299 |    811 |   2570 |   6 |  857.7 |
        Temple |      1 |      0 |      1 |      0 |      0 |   1 |    1.0 |
               +--------+--------+--------+--------+--------+-----+--------+

Top non-repeatable levels by time:
     D:4: 1446 daAuts
     D:3: 1213 daAuts
     D:5: 1091 daAuts
     D:2: 705 daAuts
     D:1: 684 daAuts
     D:6: 4 daAuts
  Temple: 1 daAuts
